 Dungeon Crawl Stone Soup version 0.30.0-15-g856e2d3f33 (webtiles) character file.

Game seed: 1866744547236685910

556 Esekla the Grave Robber (level 7, 0/40 HPs)
             Began as a Tengu Necromancer on May 18, 2023.
             Killed from afar by a white imp (8 damage)
             ... with a puff of frost
             ... on level 5 of the Dungeon on May 19, 2023.
             The game lasted 00:20:43 (3361 turns).

Esekla the Grave Robber (Tengu Necromancer)         Turns: 3361, Time: 00:20:44

Health: 0/40       AC:  3    Str:  8    XL:     7   Next: 30%
Magic:  4/13       EV: 16    Int: 18    God:
Gold:   296        SH:  0    Dex: 14    Spells: 6/13 levels left

rFire   . . .        v - +0 dagger (venom)
rCold   . . .        (no shield)
rNeg    + + .        a - +0 robe
rPois   .            (helmet restricted)
rElec   .            p - +0 cloak
rCorr   .            (no gloves)
SInv    .            (boots unavailable)
Will    .....        (no amulet)
Stlth   ++           o - ring of positive energy
HPRegen 0.26/turn    s - ring of positive energy
MPRegen 0.13/turn

%: no passive effects
@: lethally poisoned (0 -> -2), flying quickly and evasively, quick
A: beak, talons 3, nimble flight
a: no special abilities


You were on level 5 of the Dungeon.
You visited 1 branch of the dungeon, and saw 5 of its levels.

You collected 296 gold pieces.

Inventory:

Hand Weapons
 r - a +0 spear
 v - a +0 dagger of venom (weapon)
Missiles
 j - 3 boomerangs (quivered)
 k - 3 poisoned darts
Armour
 a - a +0 robe (worn)
 p - a +0 cloak (worn)
Jewellery
 o - a ring of positive energy (left hand)
 s - a ring of positive energy (right hand)
Wands
 y - a wand of roots (8)
Scrolls
 c - 2 scrolls of fear {unknown}
 e - a scroll of brand weapon {unknown}
 g - a scroll of summoning {unknown}
 l - a scroll of enchant armour {unknown}
 m - 8 scrolls of identify {unknown}
 n - 2 scrolls of fog {unknown}
 q - 2 scrolls of magic mapping {unknown}
 t - 3 scrolls of teleportation {unknown}
 x - a scroll of poison {unknown}
 B - a scroll of vulnerability {unknown}
Potions
 b - 3 potions of magic
 d - 3 potions of cancellation
 f - a potion of lignification {unknown}
 h - 2 potions of flight
 i - 2 potions of brilliance
 u - 2 potions of haste {unknown}
 w - 2 potions of resistance {unknown}
 z - 2 potions of mutation {unknown}
 A - 2 potions of curing {unknown}


   Skills:
 * Level 2.7 Fighting
 + Level 1.8 Short Blades
 + Level 0.2 Throwing
 * Level 4.3 Dodging
 + Level 3.1 Stealth
 * Level 3.9 Spellcasting
 + Level 5.6 Necromancy
 * Level 0.4 Ice Magic


You had 6 spell levels left.
You knew the following spells:

 Your Spells              Type           Power      Damage    Failure   Level
a - Ozocubu's Armour      Ice            5%         N/A       36%         3
b - Necrotise             Necr           92%        1d8       1%          1
d - Vampiric Draining     Necr           23%        2d7       4%          3

Your spell library contained the following spells:

 Spells                   Type           Power      Damage    Failure   Level
 Animate Dead             Necr           23%        N/A       14%         4
 Shock                    Conj/Air       12%        1d3       16%         1
 Agony                    Necr           23%        N/A       38%         5
 Summon Guardian Golem    Hex/Summ       3%         N/A       41%         3
 Swiftness                Air            3%         N/A       41%         3
 Airstrike                Air            1%         2d(1-17)  83%         4
 Orb of Destruction       Conj           1%         9d5       100%        7
 Ozocubu's Refrigeration  Ice            2%         4d8       100%        7
 Spellforged Servitor     Conj/Summ      1%         N/A       100%        7


Dungeon Overview and Level Annotations

Branches:
Dungeon (5/15)
 Temple: D:4-7

Altars:
Nemelex Xobeh
Yredelemnul

Annotations:
D:4 phantom


Innate Abilities, Weirdness & Mutations

You have a beak for a mouth.
You have claws for feet.
Your magical nature lets you fly swiftly and evasively.


Message History

The water moccasin bites you!
Casting: Vampiric Draining (dangerous; 4% risk of failure)
Confirm with . or Enter, or press ? or * to list all spells.
Aiming: Vampiric Draining (dangerous; 4% risk of failure)
Press: ? - help, Shift-Dir - straight line, f/p - water moccasin
Aim: a water moccasin (water, heavily wounded)
You draw life force from the water moccasin!
You feel life coursing into your body.
You feel sick. The water moccasin closely misses you.
Casting: Vampiric Draining (dangerous; 4% risk of failure)
Confirm with . or Enter, or press ? or * to list all spells.
Aiming: Vampiric Draining (dangerous; 4% risk of failure)
Press: ? - help, Shift-Dir - straight line, f/p - water moccasin
Aim: a water moccasin (water, almost dead)
You draw life force from the water moccasin!
You kill the water moccasin!
You feel life coursing into your body.
You feel sick. The white imp gestures at you. The puff of frost hits you.
You feel sick.
You barely miss the white imp. You claw the white imp.
You peck the white imp, but do no damage.
The white imp is heavily wounded.
You feel sick. The white imp gestures at you. The puff of frost hits you.
* * * LOW HITPOINT WARNING * * *
You closely miss the white imp. You claw the white imp.
The white imp is severely wounded.
You feel sick. The white imp gestures at you. The puff of frost hits you.
* * * LOW HITPOINT WARNING * * *
You hit the white imp.
You claw the white imp, but do no damage.
The white imp is almost dead.
You feel sick. The white imp gestures at you. The puff of frost hits you!
You die...

#~≈≈~##
#.......#
##~≈≈~#
#........
#~~≈≈~#
#......##
#~≈≈~~#
#......#
#~≈≈~##
###......#
#~≈≈~#
..##......#
#~≈≈~# ....
#~≈5~#.....
#~≈@~~.....
#~~≈≈~.....
##~≈≈~.....
#~≈≈~~#...
#~~≈≈~#...
##~≈≈~~###
#~~≈≈~#
##~≈≈~~
~~≈≈~#


You could see a white imp.

Vanquished Creatures
  Sigmund (D:3)
  A water moccasin (D:5)
  An ogre (D:4)
  2 orc priests (D:3)
  An orc wizard (D:3)
  5 adders
  A white imp (D:4)
  4 dart slugs
  6 orcs
  4 endoplasms
  2 giant cockroaches
  7 goblins
  5 hobgoblins
  3 quokkas
  5 ball pythons
  2 bats
  2 frilled lizards (D:1)
  4 kobolds
  5 rats
61 creatures vanquished.

Notes
Turn   | Place    | Note
-------+----------+-------------------------------------------
     0 | D:1      | Esekla the Tengu Necromancer began the quest for the Orb.
     0 | D:1      | Reached XP level 1. HP: 10/10 MP: 4/4
   220 | D:1      | Reached XP level 2. HP: 16/16 MP: 6/6
  1027 | D:2      | You fall into a shaft and drop 1 floor!
  1037 | D:3      | Noticed Sigmund
  1074 | D:3      | Reached skill level 1 in Fighting
  1074 | D:3      | Reached XP level 3. HP: 11/20 MP: 7/7
  1078 | D:3      | Learned a level 3 spell: Vampiric Draining
  1955 | D:2      | Reached XP level 4. HP: 24/25 MP: 8/8
  2153 | D:3      | Killed Sigmund
  2154 | D:3      | Reached skill level 1 in Short Blades
  2154 | D:3      | Reached skill level 5 in Necromancy
  2154 | D:3      | Gained mutation: Your magical nature lets you fly swiftly
                  | and evasively. [Tengu growth]
  2154 | D:3      | Reached XP level 5. HP: 26/30 MP: 1/10
  2154 | D:3      | Reached XP level 6. HP: 30/35 MP: 1/11
  2560 | D:4      | Found a basalt altar of Yredelemnul.
  2560 | D:4      | Found a sparkling altar of Nemelex Xobeh.
  2789 | D:4      | Reached XP level 7. HP: 40/40 MP: 13/13
  3023 | D:5      | Entered Level 5 of the Dungeon
  3139 | D:4      | Learned a level 3 spell: Ozocubu's Armour
  3361 | D:5      | Killed from afar by a white imp

Illustrated notes

Levels and vault maps discovered:
D:1:      lightli_arrival_statuegarden, layout_basic,
          chequers_serial_rivers_small_a, minmay_cupped
D:2:      layout_basic
D:3:      layout_basic, uniq_sigmund
D:4:      layout_basic, jmf_multi_god_temple
D:5:      wander_river, layout_basic, mainiacjoe_overflow_chevrons,
          chequers_temple_overflow_statue_of_worship, serial_shops, shop

Skill      XL: |  1  2  3  4  5  6 |
---------------+-------------------+-----
Fighting       | 1 2 |  2.7
Short Blades   | 1 |  1.8
Dodging        | 3 4 |  4.3
Spellcasting   | 3 |  3.9
Necromancy     | 5 |  5.6
Stealth        | 3 |  3.1
Throwing       | |  0.2
Ice Magic      | |  0.4

Action                     |  1- 3 |  4- 6 |  7- 9 || total
---------------------------+-------+-------+-------++-------
  Melee: Unarmed           |     8 |       |       ||     8
         Whip              |    23 |       |       ||    23
         Kick              |    19 |    20 |    15 ||    54
         Peck              |    13 |    12 |     5 ||    30
         Dagger            |    55 |    66 |    35 ||   156
         Punch             |       |     2 |       ||     2
  Throw: Dart              |       |     4 |     1 ||     5
         Boomerang         |       |       |     5 ||     5
   Cast: Vampiric Draining |     3 |     9 |     3 ||    15
    Use: Potion            |       |     3 |       ||     3
   Stab: Sleeping          |     5 |     3 |       ||     8
 Armour: Robe              |    25 |     7 |     6 ||    38
  Dodge: Dodged            |    77 |    26 |    21 ||   124
